 Dungeon Sprint DCSS version 0.31-a0-845-g9abc20d24f (webtiles) character file.

Game seed: 17763472516433861825

28 Danienth the Covert (level 3, -5/26 HPs)
             Began as an Octopode Brigand on Oct 2, 2023.
             Slain by a human (7 damage)
             ... in the Dungeon (Sprint III: "The Ten Rune Challenge").
             The game lasted 00:01:30 (308 turns).

Danienth the Covert (Octopode Brigand)               Turns: 308, Time: 00:01:32

Health: -5/26      AC:  1    Str: 10    XL:     3   Next: 14%
Magic:  3/3        EV: 12    Int: 13    God:
Gold:   5          SH:  0    Dex: 15    Spells: 2/2 levels left

rFire   . . .        a - +2 dagger
rCold   . . .        (no shield)
rNeg    . . .        (helmet restricted)
rPois   .            (no amulet)
rElec   .            (no ring)
rCorr   .            (no ring)
SInv    .            (no ring)
Will    .....        (no ring)
Stlth   +++++        (no ring)
HPRegen 0.24/turn    (no ring)
MPRegen 0.08/turn    (no ring)
                     (no ring)

%: no teleportation
@: no status effects
A: almost no armour, amphibious, 8 rings, camouflage 1, gelatinous body 1,
(nimble swimmer 1), tentacles
a: no special abilities


You were in the Dungeon.
You visited 1 branch You collected 5 gold pieces.

Inventory:

Hand Weapons
 a - a +2 dagger (weapon)
Missiles
 b - 8 poisoned darts (quivered)
 c - 3 curare-tipped darts
Potions
 d - a potion of curing
 f - a potion of haste
 g - 2 potions of magic
 h - a potion of berserk rage


   Skills:
 * Level 3.0 Fighting
 * Level 3.2 Short Blades
 * Level 3.1 Throwing
 - Level 1.0 Dodging
 + Level 8.0 Stealth


You had 2 spell levels left.
You didn't know any spells.
Your spell library was empty.

Dungeon Overview and Level Annotations

Branches:
Dungeon (1/1)

Altars:


Innate Abilities, Weirdness & Mutations

You cannot wear most types of armour.
You are amphibious.
You can wear up to eight rings at the same time.
Your skin changes colour to match your surroundings (Stealth+).
Your rubbery body absorbs attacks. (AC +1, EV +1)
((You are camouflaged when in or above water. (Stealth+)))
You have tentacles for arms and can constrict up to eight enemies at once.


Message History

Aim: a human (moderately wounded, constricted by you, about 9% to evade your +2 dagger)
You hit the human but do no damage. You squeeze the human.
The human is moderately wounded.
You constrict the human. The human misses you.
Hit: a) +2 dagger
Press: ? - help, Dir - move target, f/p - human
Aim: a human (moderately wounded, constricted by you, about 9% to evade your +2 dagger)
You hit the human.
You squeeze the human, but do no damage.
The human is moderately wounded.
You constrict the human, but do no damage.
The human barely misses you.
Hit: a) +2 dagger
Press: ? - help, Dir - move target, f/p - human
Aim: a human (moderately wounded, constricted by you, about 9% to evade your +2 dagger)
You hit the human. You squeeze the human.
The human is heavily wounded.
You constrict the human. The human hits you.
* * * LOW HITPOINT WARNING * * *
Hit: a) +2 dagger
Press: ? - help, Dir - move target, f/p - human
Aim: a human (heavily wounded, constricted by you, about 9% to evade your +2 dagger)
You hit the human.
The human is severely wounded.
You constrict the human, but do no damage.
The human hits you.
* * * LOW HITPOINT WARNING * * *
Hit: a) +2 dagger
Press: ? - help, Dir - move target, f/p - human
Aim: a human (severely wounded, constricted by you, about 9% to evade your +2 dagger)
You hit the human.
The human is severely wounded.
You constrict the human.
Hit: a) +2 dagger
Press: ? - help, Dir - move target, f/p - human
Aim: a human (severely wounded, constricted by you, about 9% to evade your +2 dagger)
You hit the human.
The human is almost dead.
You constrict the human. The human hits you!
You die...

▓..##.....).#
▓##.##.##...# .#
##.##.###..# ..#
▓#.####.##..# .(.+
▓.###..##..##
#...# ▓#.....##..#
#....#
###..##...##.....#
##..##....#p.....#
#..###..##@# #..#
#.. ### ▓▓▓▓ ▓▓▓


You could see a human.

Vanquished Creatures
  Jessica (D)
  2 endoplasms (D)
3 creatures vanquished.

Notes
Turn   | Place    | Note
-------+----------+-------------------------------------------
     0 | D        | Danienth the Octopode Brigand began the quest for the Orb.
     0 | D        | Reached XP level 1. HP: 14/14 MP: 1/1
    13 | D        | Reached skill level 6 in Stealth
    37 | D        | Noticed Jessica
    46 | D        | Killed Jessica
    47 | D        | Reached skill level 8 in Stealth
    47 | D        | Reached XP level 2. HP: 6/21 MP: 2/2
    47 | D        | Reached XP level 3. HP: 7/26 MP: 3/3
   308 | D        | Slain by a human

Illustrated notes

Levels and vault maps discovered:
D:        dungeon_sprint_mu [sprint_mu_entry_cave, sprint_mu_temple_rooms,
          sprint_mu_d1_horrors, sprint_mu_d2_genie, sprint_mu_d3_branching,
          sprint_mu_orc_legion, sprint_mu_elf_gauntlet, sprint_mu_hive_nellie,
          sprint_mu_lair_fedhas, sprint_mu_vaults_butterflies,
          sprint_mu_slime_circle, sprint_mu_shoals_archi,
          sprint_mu_snake_twists, sprint_mu_blade_basic,
          sprint_mu_crypt_chambers, sprint_mu_tomb_spiral,
          sprint_mu_vestibule_basic, sprint_mu_gehenna_hellfire,
          sprint_mu_dis_giant, sprint_mu_tartarus_statrot,
          sprint_mu_cocytus_islands, sprint_mu_zot1]

Skill      XL: |  1 |
---------------+----+-----
Stealth        | 8 |  8.0
Fighting       | 3 |  3.0
Short Blades   | 3 |  3.2
Throwing       | 3 |  3.1
Dodging        | |  1.0

Action                     || total
---------------------------++-------
  Melee: Dagger            ||    17
         Tentacles         ||     7
         Constrict         ||     2
  Throw: Dart              ||     5
    Use: Scroll            ||     2
         Potion            ||     1
   Stab: Sleeping          ||     1
 Armour: Skin              ||     6
  Dodge: Dodged            ||     4

Table legend: (Time is in decaauts)
 A = Elapsed time spent in this place.
 B = Non-inter-level travel time spent in this place.
 C = Inter-level travel time spent in this place.
 D = Time resting spent in this place.
 E = Time spent auto-exploring this place.
 F = Levels seen in this place.
 G = Mean time per level.
                   A        B        C        D        E       F      G
               +--------+--------+--------+--------+--------+-----+--------+
         Total |    304 |    294 |     10 |    228 |     33 |   1 |  304.0 |
       Dungeon |    304 |    294 |     10 |    228 |     33 |   1 |  304.0 |
               +--------+--------+--------+--------+--------+-----+--------+

Top non-repeatable levels by time:
       D: 304 daAuts
